 Dungeon Crawl Stone Soup version 0.30-a0-937-ga0a21ad780 (webtiles) character file.

Game seed: 6329202296715898042

138 FexLirch the Digger (level 5, 0/38 HPs)
             Began as a Meteoran Earth Elementalist on Mar 24, 2023.
             Slain by a goblin
             ... wielding a +0 club
             ... led by Robin
              (4 damage)
             ... on level 4 of the Dungeon.
             The game lasted 00:04:11 (684 turns).

FexLirch the Digger (Meteoran Earth Elementalist)    Turns: 684, Time: 00:04:11

Health: 0/38       AC:  6    Str: 10    XL:     5   Next: 74%
Magic:  8/12       EV: 12    Int: 18    God:
Gold:   88         SH:  0    Dex: 14    Spells: 9/12 levels left

rFire   . . .      SeeInvis .    (no weapon)
rCold   + . .      Faith    .    (no shield)
rNeg    . . .      Spirit   .    q - +0 leather armour {rC+}
rPois   .          Reflect  .    r - +2 hat
rElec   .          Rampage  .    (no cloak)
rCorr   .                        (no gloves)
Will    .....                    n - +0 pair of boots
Stlth   +                        (no amulet)
HPRegen 0.26/turn                (no ring)
MPRegen 0.13/turn                (no ring)

@: glowing
A: sense surroundings 1, otherworldly, glowing, explore regen
a: no special abilities


You were on level 4 of the Dungeon.
You visited 1 branch of the dungeon, and saw 4 of its levels.

You collected 88 gold pieces.

Inventory:

Hand Weapons
 s - a +0 shortbow
Missiles
 d - 4 boomerangs
 g - 5 curare-tipped darts (quivered)
Armour
 a - a +0 robe
 j - a +0 leather armour
 n - a +0 pair of boots (worn)
 q - a +0 leather armour of cold resistance (worn)
 r - a +2 hat (worn)
Scrolls
 c - a scroll of immolation {unknown}
 e - a scroll of magic mapping {unknown}
 k - a scroll of amnesia {unknown}
 l - a scroll of summoning {unknown}
 m - 2 scrolls of noise {unknown}
 o - 3 scrolls of silence {unknown}
 p - a scroll of identify {unknown}
Potions
 b - a potion of magic
 f - a potion of flight {unknown}
 h - a potion of might {unknown}
 i - a potion of attraction {unknown}


   Skills:
 - Level 2.4 Dodging
 - Level 1.4 Stealth
 + Level 4.3 Spellcasting
 + Level 3.1 Conjurations
 - Level 1.2 Transmutations
 + Level 4.9 Earth Magic


You had 9 spell levels left.
You knew the following spells:

 Your Spells              Type           Power      Damage    Failure   Level
a - Sandblast             Erth           42%        2d11      2%          1
b - Passwall              Tmut/Erth      12%        N/A       9%          2

Your spell library contained the following spells:

 Spells                   Type           Power      Damage    Failure   Level
 Magic Dart               Conj           60%        1d6       5%          1
 Searing Ray              Conj           30%        2d5       9%          2
 Stone Arrow              Conj/Erth      36%        3d9       11%         3
 Wereblood                Tmut           8%         N/A       19%         2
 Sublimation of Blood     Necr           3%         N/A       30%         2
 Petrify                  Tmut/Erth      15%        N/A       47%         4
 Fulminant Prism          Conj/Hex       4%         3d5       71%         4
 Summon Hydra             Summ           1%         N/A       100%        7


Dungeon Overview and Level Annotations

Branches:
Dungeon (4/15) Zot: 1690
 Temple: D:4-7

Altars:

Shops:
D:2 (

Annotations:
D:3 Robin


Innate Abilities, Weirdness & Mutations

You passively map a small area around you.
You are easily found by Zot.
You glow in the dark.
You regain HP and MP as you explore.


Message History

The goblins go into a battle-frenzy!
The goblin hits you with a +0 dagger. The goblin hits you but does no damage.
The hobgoblin hits you but does no damage.
The hobgoblin hits you. The goblin barely misses you. x2
You hear a shout!
You climb downwards.
There is a stone staircase leading up here.
Casting: Sandblast (safe; 2% risk of failure)
Confirm with . or Enter, or press ? or * to list all spells.
Aiming: Sandblast (safe; 2% risk of failure)
Press: ? - help, Shift-Dir - straight line, f - goblin
Aim: a goblin, wielding a +0 club (strong, 79% to hit)
The blast of sand hits the goblin!
You kill the goblin!
The goblin closely misses you. The hobgoblin hits you.
The goblin hits you but does no damage.
Casting: Sandblast (safe; 2% risk of failure)
Confirm with . or Enter, or press ? or * to list all spells.
Aiming: Sandblast (safe; 2% risk of failure)
Press: ? - help, Shift-Dir - straight line, f - goblin
Aim: a goblin, wielding a +0 dagger (strong, 79% to hit)
The blast of sand hits the goblin!
You kill the goblin!
The hobgoblin closely misses you. The goblin closely misses you.
The hobgoblin hits you. The hobgoblin closely misses you.
The goblin hits you but does no damage. x2; The hobgoblin barely misses you.
Casting: Sandblast (safe; 2% risk of failure)
Confirm with . or Enter, or press ? or * to list all spells.
Aiming: Sandblast (safe; 2% risk of failure)
Press: ? - help, Shift-Dir - straight line, f - hobgoblin
Aim: a hobgoblin (strong, 83% to hit)
The blast of sand hits the hobgoblin!
You kill the hobgoblin!
The hobgoblin hits you but does no damage.
The goblin hits you with a +0 club.
* * * LOW HITPOINT WARNING * * *
The goblin hits you with a +0 club.
* * * LOW HITPOINT WARNING * * *
The goblin attacks as you move away! The goblin hits you with a +0 club.
You die...

#............,.#...
...........###..#.#.,
...................
...........#.....# ,
.............#..## *
.................#
...........†..##.######
...........#)..ggg....#*
......##.###.###@####..
.........# #.# #)# *
.......### #.# #.. *
#####.#.,, ... ...# *
#..#.. ,... ...# ,
,...#..........## ..#
.#..>....# * ,.....####
,


You could see a hobgoblin (strong) and 2 goblins.

Vanquished Creatures
  A centaur (D:4)
  2 adders (D:2)
  2 dart slugs (D:2)
  An orc (D:4)
  6 bats
  2 endoplasms
  A giant cockroach (D:1)
  4 goblins
  2 hobgoblins
  2 jackals (D:1)
  2 quokkas
  3 ball pythons (D:2)
  2 frilled lizards (D:2)
  A kobold (D:2)
  6 rats
37 creatures vanquished.

Notes
Turn   | Place    | Note
-------+----------+-------------------------------------------
     0 | D:1      | FexLirch the Meteoran Earth Elementalist began the quest
                  | for the Orb.
     0 | D:1      | Reached XP level 1. HP: 14/14 MP: 5/5
    67 | D:1      | Reached XP level 2. HP: 17/20 MP: 3/6
    71 | D:1      | Learned a level 2 spell: Passwall
   102 | D:2      | Reached skill level 1 in Conjurations
   208 | D:2      | Reached XP level 3. HP: 26/26 MP: 5/8
   249 | D:2      | Found Faedag's Antique Weapon Shoppe.
   364 | D:2      | Reached XP level 4. HP: 28/33 MP: 3/10
   653 | D:4      | Noticed a centaur
   668 | D:4      | Killed a centaur
   669 | D:4      | Reached XP level 5. HP: 10/38 MP: 5/12
   678 | D:3      | Identified the +2 helmet of Mezed {rCorr}
   678 | D:3      | Noticed Robin
   684 | D:4      | Slain by a goblin

Illustrated notes

Levels and vault maps discovered:
D:1:      dpeg_arrival_ratfight, layout_loops_corners,
          hangedman_decor_diamond_cutter
D:2:      minmay_inner_zag, layout_loops_ring, serial_shops, shop_statue
D:3:      layout_basic, uniq_robin
D:4:      layout_rooms

Skill      XL: |  1  2  3  4 |
---------------+-------------+-----
Spellcasting   | 3 4 |  4.3
Conjurations   | 1 2 3 |  3.1
Earth Magic    | 4 |  4.9
Dodging        | |  2.4
Stealth        | |  1.4
Transmutations | |  1.2

Action                     |  1- 3 |  4- 6 || total
---------------------------+-------+-------++-------
  Melee: Unarmed           |     2 |       ||     2
  Throw: Dart              |       |     1 ||     1
   Cast: Sandblast         |    32 |    21 ||    53
         Passwall          |       |     4 ||     4
 Armour: Robe              |     2 |       ||     2
         Leather armour    |     1 |    16 ||    17
  Dodge: Dodged            |    10 |    28 ||    38

Table legend: (Time is in decaauts)
 A = Elapsed time spent in this place.
 B = Non-inter-level travel time spent in this place.
 C = Inter-level travel time spent in this place.
 D = Time resting spent in this place.
 E = Time spent auto-exploring this place.
 F = Levels seen in this place.
 G = Mean time per level.
                   A        B        C        D        E       F      G
               +--------+--------+--------+--------+--------+-----+--------+
         Total |    709 |    709 |      0 |      4 |     62 |   4 |  177.2 |
       Dungeon |    709 |    709 |      0 |      4 |     62 |   4 |  177.2 |
               +--------+--------+--------+--------+--------+-----+--------+

Top non-repeatable levels by time:
     D:2: 354 daAuts
     D:1: 166 daAuts
     D:4: 102 daAuts
     D:3: 86 daAuts
